 Dungeon Crawl Stone Soup version 0.30-a0-782-ge64f9170bb (webtiles) character file.

Game seed: 16432648489809484177

1784 theswoord the Cruncher (level 8, -4/56 HPs)
             Began as a Demonspawn Gladiator on Mar 13, 2023.
             Was an Elder of Jiyva.
             Slain by a fire elemental (6 damage)
             ... summoned by a deep elf pyromancer
             ... on level 7 of the Dungeon.
             The game lasted 00:10:38 (5326 turns).

theswoord the Cruncher (Demonspawn Gladiator)       Turns: 5326, Time: 00:10:38

Health: -4/56      AC: 18    Str: 16    XL:     8   Next: 81%
Magic:  8/8        EV:  5    Int: 10    God:    Jiyva [****..]
Gold:   373        SH:  0    Dex: 22    Spells: 7/7 levels left

rFire   . . .      SeeInvis .    G - +9 lajatang of Yeast {spect, Dex+3}
rCold   . . .      Faith    .    (shield currently unavailable)
rNeg    . . .      Spirit   .    D - +0 plate armour
rPois   .          Reflect  .    c - +0 helmet
rElec   .          Harm     .    t - +2 cloak
rCorr   +          Rampage  +    F - +1 pair of gloves
Will    .....                    v - +1 pair of boots {rampage} Stlth
                                 (no amulet)
HPRegen 1.57/turn                (no ring)
MPRegen 0.51/turn                (no ring)

@: about to teleport, studying Shields
A: thin skeletal structure 2, powered by death 1, spiny 1, weakness stinger 1,
talons 2, acidic bite, tendrils
a: Renounce Religion, Oozemancy, Slimify


You were on level 7 of the Dungeon.
You worshipped Jiyva.
Jiyva was greatly pleased with you.
You visited 1 branch of the dungeon, and saw 7 of its levels.
You also visited: Sewer.

You collected 373 gold pieces.

Inventory:

Hand Weapons
 a - a +1 vampiric quarterstaff
 G - the +9 lajatang of Yeast (weapon) {spect, Dex+3}
   (You acquired it on level 7 of the Dungeon)

   Dex:       It affects your dexterity (+3).
Missiles
 d - 2 throwing nets (quivered)
 e - a javelin
Armour
 b - a +0 leather armour
 c - a +0 helmet (worn)
 g - a +0 pair of gloves
 k - a +1 cloak
 t - a +2 cloak (worn)
 v - a +1 pair of boots of rampaging (worn)
 D - a +0 plate armour (worn)
 F - a +1 pair of gloves (worn)
Jewellery
 h - a +6 ring of intelligence
Wands
 x - a wand of charming (7)
Scrolls
 j - 2 scrolls of teleportation
 l - a scroll of enchant weapon
 m - 2 scrolls of vulnerability
 s - a scroll of brand weapon
 y - a scroll of immolation
 A - a scroll of enchant armour
Potions
 f - 3 potions of lignification
 i - 2 potions of flight
 n - 2 potions of haste
 o - a potion of brilliance {unknown}
 p - 3 potions of curing
 q - 4 potions of mutation
 r - 2 potions of invisibility {unknown}
 u - a potion of magic {unknown}
 w - 2 potions of degeneration {unknown}
 z - a potion of cancellation {unknown}
 B - 2 potions of experience {unknown}
 C - a potion of ambrosia {unknown}
 E - a potion of berserk rage {unknown}


   Skills:
 - Level 2.0 Fighting
 + Level 10.8 Staves
 - Level 1.7 Throwing
 - Level 2.6 Dodging


You had 7 spell levels left.
You didn't know any spells.
Your spell library was empty.

Dungeon Overview and Level Annotations

Branches:
Dungeon (7/15)             Temple (0/1) D:4           Sewer (visited)

Altars:
Dithmenos
Fedhas
Gozag
Sif Muna
Wu Jian

Shops:
D:4 (

Annotations:
D:7 1 runed translucent door, Crazy Yiuf


Innate Abilities, Weirdness & Mutations

You have a moderately thin skeletal structure. (Dex +4, Stealth++)
You regenerate a little health from kills.
You are partially covered in sharp spines.
You have a small tail.
You have razor-sharp toenails.
You have acidic saliva.
You are covered in slimy tendrils that may disarm your opponents.


Message History

The fire elemental hits you.
You slash the fire elemental!
You destroy the fire elemental!
The fire elemental disappears in a puff of smoke!
Really walk into that cloud of flame?
Okay, then.
The deep elf pyromancer casts a spell at you.
The sticky flame misses you.
You slash the deep elf pyromancer!
You bite the deep elf pyromancer, but do no damage.
The deep elf pyromancer casts a spell.
You completely miss the deep elf pyromancer.
The fire elemental is struck by your spines.
The fire elemental hits you. The fire elemental burns you!
The deep elf pyromancer casts a spell.
You hit the deep elf pyromancer. You tail-slap the deep elf pyromancer!
Your bite misses the deep elf pyromancer.
The fire elemental is struck by your spines.
The fire elemental hits you. The fire elemental burns you!
The fire elemental is struck by your spines.
The fire elemental hits you. The fire elemental burns you!
You closely miss the deep elf pyromancer.
The deep elf pyromancer is struck by your spines.
The deep elf pyromancer barely misses you.
The fire elemental barely misses you. The fire elemental hits you.
The fire elemental burns you!
* * * LOW HITPOINT WARNING * * *
You barely miss the deep elf pyromancer.
You bite the deep elf pyromancer, but do no damage.
The deep elf pyromancer hits you but does no damage.
The fire elemental hits you. The fire elemental burns you!
* * * LOW HITPOINT WARNING * * *
The fire elemental hits you. The fire elemental burns you!
* * * LOW HITPOINT WARNING * * *
As you read the scroll of teleportation, it crumbles to dust.
You feel strangely unstable. The fire elemental hits you.
The fire elemental burns you!
* * * LOW HITPOINT WARNING * * *
The fire elemental hits you. The fire elemental burns you!
You die...

≈≈~~~.CSE.~~~≈≈ ♣e♣ ### ♣.♣
#.# ### ###♣○♣ #### ###
##.#♣♣[♣♣ ♣♣..♣E♣ ♣♣..♣ ♣♣.♣
#..#♣...♣♣♣♣♣..♣♣.♣♣♣.)♣♣♣♣...
#
#..........♣..♣♣♣☼♣♣..♣♣......
#
#..#♣...♣♣♣.E♣♣♣♣.♣..♣♣.♣♣♣...
# #..#♣♣.♣♣#..E@eCSO...[.♣♣
♣♣.♣ #..# ### ###############
### #.## #.# #.# #.# #.# #.# ♣
#.#


You could see a cyclops, a deep elf pyromancer, 2 fire elementals, a water
moccasin and an ogre.

Vanquished Creatures
  2 water moccasins
  2 orc warriors
  2 centaurs (D:4)
  2 phantoms
  2 kobold brigands
  2 bullfrogs
  4 scorpions
  A gnoll sergeant (D:6)
  2 jellies (Sewer)
  2 hounds
  A gnoll bouda (D:5)
  An orc priest (D:7)
  2 orc wizards
  10 gnolls
  7 adders
  3 river rats
  2 shadow imps
  A white imp (D:5)
  3 worms
  5 dart slugs
  18 orcs
  9 ball pythons
  14 endoplasms
  5 giant cockroaches
  8 hobgoblins
  2 jackals (D:3)
  11 kobolds
  6 quokkas
  5 bats
  4 frilled lizards
  6 goblins
  5 rats
149 creatures vanquished.

Vanquished Creatures (others)
  A centaur (D:7)
  A bullfrog (D:6)
  A howler monkey (D:5)
  6 jellies
  An iguana (D:5)
  An adder (D:6)
  2 endoplasms (D:4)
  A kobold (D:6)
  12 plants (D:7)
26 creatures vanquished.

Grand Total: 175 creatures vanquished

Notes
Turn   | Place    | Note
-------+----------+-------------------------------------------
     0 | D:1      | theswoord the Demonspawn Gladiator began the quest for the
                  | Orb.
     0 | D:1      | Reached XP level 1. HP: 16/16 MP: 1/1
   108 | D:1      | Reached skill level 3 in Staves
   128 | D:1      | Gained mutation: You are partially covered in sharp spines.
                  | [demonic ancestry]
   128 | D:1      | Reached XP level 2. HP: 22/22 MP: 2/2
   334 | D:1      | Found a faded altar of an unknown god.
   605 | D:2      | Reached XP level 3. HP: 26/27 MP: 3/3
   678 | D:2      | Reached skill level 4 in Staves
  1303 | D:3      | Reached XP level 4. HP: 33/33 MP: 4/4
  1522 | D:3      | Reached skill level 5 in Staves
  1995 | D:4      | Noticed a phantom
  2006 | D:4      | Gained mutation: You have a somewhat thin skeletal
                  | structure. (Dex +2, Stealth+) [demonic ancestry]
  2006 | D:4      | Reached XP level 5. HP: 33/38 MP: 5/5
  2010 | D:4      | Killed a phantom
  2043 | D:4      | Found a glowing drain.
  2047 | Sewer    | Entered a sewer
  2087 | Sewer    | Reached skill level 6 in Staves
  2211 | Sewer    | Gained mutation: You have a small tail. [demonic ancestry]
  2211 | Sewer    | Reached XP level 6. HP: 22/44 MP: 6/6
  2328 | Sewer    | Found a viscous altar of Jiyva.
  2342 | Sewer    | Became a worshipper of Jiyva Jerchemo the Shapeless
  2495 | D:4      | You fall into a shaft and drop 3 floors!
  2583 | D:6      | Reached skill level 7 in Staves
  2704 | D:6      | Gained mutation: You have a moderately thin skeletal
                  | structure. (Dex +4, Stealth++) [demonic ancestry]
  2704 | D:6      | Reached XP level 7. HP: 50/50 MP: 7/7
  2708 | D:6      | Reached * piety under Jiyva
  2725 | D:5      | Entered Level 5 of the Dungeon
  2795 | D:5      | Reached skill level 8 in Staves
  3176 | D:5      | Found a blossoming altar of Fedhas.
  3269 | D:5      | Reached ** piety under Jiyva
  3402 | D:4      | Reached skill level 9 in Staves
  3402 | D:4      | Gained mutation: You regenerate a little health from kills.
                  | [demonic ancestry]
  3402 | D:4      | Reached XP level 8. HP: 56/56 MP: 8/8
  3431 | D:4      | Found a staircase to the Ecumenical Temple.
  3652 | D:4      | Found Xumuygamp's Weapon Emporium.
  4134 | D:6      | Found a shimmering blue altar of Sif Muna.
  4184 | D:6      | Found an ornate altar of the Wu Jian Council.
  4415 | D:6      | Reached *** piety under Jiyva
  4459 | D:6      | Gained mutation: You have acidic saliva. [Jiyva's grace]
  4459 | D:6      | Gained mutation: You are covered in slimy tendrils that may
                  | disarm your opponents. [Jiyva's grace]
  4459 | D:6      | Gained mutation: You have sharp toenails. [Jiyva's grace]
  4459 | D:6      | Gained mutation: You have razor-sharp toenails. [Jiyva's
                  | grace]
  4641 | D:6      | Found a shadowy altar of Dithmenos.
  4674 | D:6      | Found an opulent altar of Gozag.
  5006 | D:7      | Reached skill level 10 in Staves
  5061 | D:7      | Noticed a red ugly thing
  5061 | D:7      | Noticed a cyclops
  5064 | D:7      | HP: 2/56 [wyvern (10)]
  5214 | D:7      | Reached **** piety under Jiyva
  5247 | D:7      | Found a runed translucent door.
  5248 | D:7      | Identified a scroll of acquirement
  5248 | D:7      | Acquired the +9 lajatang of Yeast {spect, Dex+3}
  5251 | D:7      | Noticed Crazy Yiuf
  5300 | D:7      | Noticed a deep elf pyromancer
  5326 | D:7      | HP: 2/56 [fire elemental[a deep elf pyromancer] (10)]
  5326 | D:7      | Slain by a fire elemental

Skill      XL: |  1  2  3  4  5  6  7  8 |
---------------+-------------------------+-----
Staves         | 3 4 5 6 7 9 10 | 10.8
Fighting       | |  2.0
Throwing       | |  1.7
Dodging        | |  2.6

Action                     |  1- 3 |  4- 6 |  7- 9 || total
---------------------------+-------+-------+-------++-------
  Melee: Quarterstaff      |    78 |   125 |   135 ||   338
         Tailslap          |       |     4 |    24 ||    28
         Lajatang          |       |       |     7 ||     7
         Bite              |       |       |     4 ||     4
  Throw: Throwing net      |       |       |     2 ||     2
    Use: Scroll            |     5 |     7 |     6 ||    18
         Potion            |       |     2 |     2 ||     4
   Stab: Sleeping          |     1 |     4 |     6 ||    11
 Armour: Leather armour    |    18 |    28 |    39 ||    85
         Skin              |       |     3 |       ||     3
         Plate armour      |       |       |    25 ||    25
  Dodge: Dodged            |    41 |    62 |    60 ||   163

Levels and vault maps discovered:
D:1:      dpeg_arrival_pits, layout_basic, ebering_ecumenical_altar_rust,
          minmay_tromino_i4
D:2:      layout_rooms
D:3:      layout_loops_ring, mainiacjoe_overflow_alcove_1, st_stairs_9
D:4:      layout_cave_pools, minmay_temple_entry_junction, serial_shops,
          kennysheep_mini_moat, gup_sewer_entry_bowl, minmay_manual_mares
D:5:      layout_basic, lemuel_tele_altar, amcnicky_mini_pool_small
D:6:      layout_basic, lemuel_coloured_pillars_altar,
          mainiacjoe_overflow_boulevard, grunt_gozag_statues,
          lemuel_blue_sif_altar
D:7:      nzn_winding_woodlands_large [nzn_winding_woodlands_5x5_default,
          nzn_winding_woodlands_5x15_default,
          nzn_winding_woodlands_5x5_checkerboard,
          nzn_winding_woodlands_center_garden,
          nzn_winding_woodlands_15x15_eel_pit,
          nzn_winding_woodlands_center_triple_pond,
          nzn_winding_woodlands_5x5_default, nzn_winding_woodlands_5x15_pockets,
          nzn_winding_woodlands_5x5_open_star], layout_basic,
          makhleb_blood_cavern_becter, uniq_duvessa, uniq_crazy_yiuf_cottage,
          uniq_pikel
